 Dungeon Crawl Stone Soup version 0.28.0-43-g3370ac3207 (webtiles) character file.

Game seed: 283613913807620036

12 tomatow the Covered (level 2, -3/19 HPs)
             Began as a Gargoyle Fighter on Mar 9, 2022.
             Frozen to death by an endoplasm (4 damage)
             ... on level 1 of the Dungeon.
             The game lasted 00:00:52 (413 turns).

tomatow the Covered (Gargoyle Fighter)               Turns: 413, Time: 00:00:53

Health: -3/19      AC:  9    Str: 19    XL:     2   Next: 33%
Magic:  2/2        EV:  9    Int:  8    God:
Gold:   25         SH:  4    Dex:  9    Spells: 1/1 levels left

rFire   . . .      SeeInvis .   a - +0 flail
rCold   . . .      Faith    .   c - +0 buckler
rNeg    + . .      Spirit   .   b - +0 scale mail
rPois   ∞          Reflect  .   (no helmet)
rElec   +          Harm     .   (no cloak)
rCorr   .          Rampage  .   (no gloves)
Will    .....                   (no boots)
Stlth   ..........              (no amulet)
HPRegen 0.06/turn               (no ring)
MPRegen 0.08/turn               (no ring)

@: no status effects
A: sickness immunity, AC +2, negative energy resistance 1, electricity
resistance, torment resistance 1, petrification resistance
a: no special abilities


You were on level 1 of the Dungeon.
You visited 1 branch of the dungeon, and saw 1 of its levels.

You collected 25 gold pieces.

Inventory:

Hand Weapons
 a - a +0 flail (weapon)
 h - a +1 dagger of holy wrath
Armour
 b - a +0 scale mail (worn)
 c - a +0 buckler (worn)
Jewellery
 f - a +4 ring of protection
Scrolls
 e - a scroll of identify {unknown}
Potions
 d - a potion of might
 g - a potion of degeneration {unknown}


   Skills:
 + Level 3.5 Fighting
 + Level 2.1 Maces & Flails
 + Level 3.6 Armour
 + Level 3.4 Shields


You had one spell level left.
You didn't know any spells.
Your spell library was empty.

Dungeon Overview and Level Annotations

Branches:
Dungeon (1/15)

Altars:


Innate Abilities, Weirdness & Mutations

You are immune to sickness and miasma.
Your stone body is resilient. (AC +2)
You are immune to poison.
You resist negative energy. (rN+)
You are resistant to electric shocks. (rElec)
You are resistant to unholy torment.
You are immune to petrification.


Message History

An endoplasm comes into view.
The endoplasm quivers.
A kobold comes into view. It is wielding a +0 whip.
The quokka bites you but does no damage.
You block the quokka's attack.
You barely miss the quokka. You block the quokka's attack.
You hit the quokka but do no damage. The quokka bites you.
The quokka closely misses you.
You closely miss the quokka.
The quokka bites you but does no damage. x2
You sock the quokka!
You kill the quokka!
The endoplasm freezes you.
You are frozen.
The endoplasm barely misses you. The kobold barely misses you.
You closely miss the kobold.
The endoplasm hits you but does no damage.
The kobold hits you with a +0 whip.
You closely miss the kobold.
The endoplasm hits you but does no damage.
The kobold hits you but does no damage.
You closely miss the kobold. The endoplasm barely misses you.
The kobold hits you with a +0 whip. The endoplasm freezes you.
You are frozen.
The kobold hits you with a +0 whip.
You are too injured to fight recklessly!
You are too injured to fight recklessly!
You are too injured to fight recklessly!
You are too injured to fight recklessly!
You closely miss the kobold. The endoplasm freezes you.
You are frozen.
* * * LOW HITPOINT WARNING * * *
The kobold hits you with a +0 whip.
* * * LOW HITPOINT WARNING * * *
The endoplasm hits you but does no damage.
The kobold hits you but does no damage.
You hit the endoplasm but do no damage. The endoplasm freezes you.
You are frozen.
You die...

.#...........# ......
.#.......####### .. ....
.#.............# .......
.#....)........# .#.....
.#.............# .......
.#.............##.#.....
.###......).............
.# #.............K......
## #............@J......
##...................
#..^..###...........
#.....# ##..........
#.....# #..........
#.....# #......:...
#.....# #..........
#..... #....###... ....#


You could see an endoplasm and a kobold.

Vanquished Creatures
  An endoplasm (D:1)
  2 giant cockroaches (D:1)
  A goblin (D:1)
  2 hobgoblins (D:1)
  2 kobolds (D:1)
  A quokka (D:1)
  A rat (D:1)
10 creatures vanquished.

Notes
Turn   | Place    | Note
-------+----------+-------------------------------------------
     0 | D:1      | tomatow the Gargoyle Fighter began the quest for the Orb.
     0 | D:1      | Reached XP level 1. HP: 14/14 MP: 1/1
   274 | D:1      | Reached XP level 2. HP: 15/19 MP: 2/2
   341 | D:1      | Found a faded altar of an unknown god.
   413 | D:1      | Frozen to death by an endoplasm

Illustrated notes

Levels and vault maps discovered:
D:1:      lemuel_arrival_broad_hall, layout_basic,
          hellmonk_ecumenical_altar_inner_sanctum, serial_forest,
          infiniplex_forest_lined_2, infiniplex_forest_straight_2,
          infiniplex_forest_clump_curved, infiniplex_forest_straight_2,
          infiniplex_forest_zigzag_2, minmay_three_crescents

Action                   || total
-------------------------++-------
Melee: Flail             ||    31
Armor: Scale mail        ||    11
Dodge: Dodged            ||    18
Block: Buckler           ||     9
